 Dungeon Crawl Stone Soup version 0.28.0 (webtiles) character file.

Game seed: 2371895557369632484

48 browni3141 the Chopper (level 3, -1/27 (33) HPs)
             Began as a Minotaur Berserker on Feb 10, 2022.
             Was a Follower of Trog.
             Slain by Natasha (4 damage)
             ... on level 2 of the Dungeon.
             The game lasted 00:00:50 (1851 turns).

browni3141 the Chopper (Minotaur Berserker)         Turns: 1851, Time: 00:00:51

HP:   -1/27 (33)    AC:  2    Str: 23    XL:     3   Next: 50%
MP:   2/2           EV: 12    Int:  4    God:    Trog [*.....]
Gold: 35            SH:  0    Dex:  9    Spells: 2/2 levels left

rFire   . . .      SeeInvis .   a - +0 hand axe
rCold   . . .      Faith    .   (no shield)
rNeg    . . .      Spirit   .   b - +0 animal skin
rPois   .          Reflect  .   (helmet restricted)
rElec   .          Harm     .   (no cloak)
rCorr   .          Rampage  .   (no gloves)
Will    .....                   (no boots)
Stlth   +.........              (no amulet)
HPRegen 0.09/turn               (no ring)
MPRegen 0.08/turn               (no ring)

@: slowed, heavily drained, very slow
A: horns 2, retaliatory headbutt
a: Renounce Religion, Berserk


You were on level 2 of the Dungeon.
You worshipped Trog.
Trog was aware of your devotion.
You visited 1 branch of the dungeon, and saw 2 of its levels.

You collected 35 gold pieces.

Inventory:

Hand Weapons
 a - a +0 hand axe (weapon)
Armour
 b - a +0 animal skin (worn)
Scrolls
 c - a scroll of vulnerability {unknown}
 d - a scroll of teleportation {unknown}
 f - a scroll of identify {unknown}
 g - a scroll of fog {unknown}
Potions
 e - a potion of heal wounds {unknown}
 h - a potion of magic {unknown}


   Skills:
 + Level 4.1 Fighting
 + Level 4.2 Axes
 + Level 3.1 Armour
 + Level 2.8 Dodging


You had 2 spell levels left.
You didn't know any spells.
Your spell library was empty.

Dungeon Overview and Level Annotations

Branches:
Dungeon (2/15)

Altars:
Okawaru

Annotations:
D:2 Natasha


Innate Abilities, Weirdness & Mutations

You have a pair of horns on your head.
You reflexively headbutt those who attack you in melee.


Message History

No target in view!
No target in view!
The hobgoblin barely misses you. The hobgoblin hits you.
You barely miss the hobgoblin. Your headbutt misses the hobgoblin.
You punch the hobgoblin, but do no damage.
The hobgoblin hits you.
You hit the hobgoblin.
The hobgoblin is moderately wounded.
The hobgoblin barely misses you. You furiously retaliate!
You headbutt the hobgoblin!
You kill the hobgoblin!
Trog accepts your kill.
No target in view!
No target in view!
Found a stone staircase leading up.
h - a viscous red potion Natasha, Servant of Life and Death comes into view.
Natasha hisses angrily.
Natasha stares at you and mumbles some strange words.
You feel yourself slow down.
Natasha is nearby!
Natasha claws you!
You closely miss Natasha. Natasha closely misses you.
Natasha wildly gestures.
Natasha glows brightly for a moment.
Natasha closely misses you.
You closely miss Natasha. Natasha claws you.
You barely miss Natasha. Natasha closely misses you. Natasha claws you.
You closely miss Natasha. You headbutt Natasha, but do no damage.
Natasha claws you but does no damage. Natasha claws you.
You barely miss Natasha. Your punch misses Natasha.
Natasha stares at you and mumbles some strange words.
The magic dart hits you!
* * * LOW HITPOINT WARNING * * *
You are too injured to fight recklessly!
You hit Natasha.
Natasha is heavily wounded.
Natasha claws you.
You die...

###.###......#######....#.#
#..##......######.....#.#
##.##......#..........#.#
#.##......#.####.###.#.#
#..#..[...#.# #.# #.#.#
##.##'###.#.# #.# #.#.#
#.##.# #.#.####.# #.#.#
#.##)# #.#...##.# #.#.#
#####.##'###.###@##<# #.#.#
#.........##.# #h#### #.#.#
#.##.#....##.# #.# #.#.#
#.#....##.# #.# #...#
#.#....##.# #.# #####
#.#....# #.# #.#....# ..#
#.#.#+## ### #.#.#


You could see Natasha.

Vanquished Creatures
  A gnoll (D:1)
  An adder (D:2)
  A dart slug (D:1)
  An orc (D:2)
  2 bats
  2 endoplasms (D:2)
  A giant cockroach (D:1)
  A goblin (D:1)
  4 hobgoblins
  A quokka (D:1)
  2 ball pythons (D:2)
  6 kobolds
  2 rats (D:1)
25 creatures vanquished.

Vanquished Creatures (others)
  3 fungi (D:1)
  2 plants (D:1)
5 creatures vanquished.

Grand Total: 30 creatures vanquished

Notes
Turn   | Place    | Note
-------+----------+-------------------------------------------
     0 | D:1      | browni3141 the Minotaur Berserker began the quest for the
                  | Orb.
     0 | D:1      | Reached XP level 1. HP: 19/19 MP: 0/0
   158 | D:1      | Reached XP level 2. HP: 19/27 MP: 1/1
  1027 | D:1      | Found a faded altar of an unknown god.
  1085 | D:2      | Found an iron altar of Okawaru.
  1098 | D:2      | Reached XP level 3. HP: 7/33 MP: 2/2
  1105 | D:2      | HP: 1/33 [poisoned by an adder]
  1844 | D:2      | Noticed Natasha
  1851 | D:2      | Slain by Natasha

Illustrated notes

Levels and vault maps discovered:
D:1:      lightli_iron_boxes, layout_basic, shapermc_ecumenical_altar_petra
D:2:      layout_basic, basic_altar, serial_rivers,
          chequers_serial_rivers_marsh, chequers_serial_rivers_small_a,
          chequers_serial_rivers_micro_d, chequers_serial_rivers_micro_e,
          kennysheep_doodads, minmay_surrounded, uniq_crazy_yiuf_cottage,
          uniq_natasha

Skill      XL: |  1  2 |
---------------+-------+-----
Fighting       | 4 |  4.1
Axes           | 4 |  4.2
Armour         | 3 |  3.1
Dodging        | |  2.8

Action                   || total
-------------------------++-------
Melee: Hand axe          ||    67
       Headbutt          ||     9
       Punch             ||     1
Invok: Berserk           ||     1
 Stab: Sleeping          ||     2
Armor: Animal skin       ||     9
Dodge: Dodged            ||    35
